 Dungeon Crawl Stone Soup version 0.31-a0-229-g1fc7ce93e2 (webtiles) character file.

Game seed: 16633305644389235448

11601 promet the Carver (level 11, -2/84 HPs)
             Began as a Hill Orc Fighter on July 6, 2023.
             Was a Follower of Hepliaklqana.
             Slain by a purple ugly thing (14 damage)
             ... on level 11 of the Dungeon on July 7, 2023.
             The game lasted 01:16:42 (15236 turns).

promet the Carver (Hill Orc Fighter)               Turns: 15236, Time: 01:16:43

Health: -2/84      AC: 11    Str: 31    XL:     11   Next: 80%
Magic:  16/16      EV: 13    Int: 10    God:    Hepliaklqana [*.....]
Gold:   569        SH:  6    Dex: 19    Spells: 10/10 levels left

rFire   + . .        a - +4 long sword (heavy)
rCold   + . .        y - +0 buckler
rNeg    . . .        S - +0 acid dragon scales
rPois   +            (no helmet)
rElec   .            r - scarf "Nulonirr" {rC+ rF+, rPois Str+3 Dex+3 SInv}
rCorr   +            j - +2 pair of gloves
SInv    +            (no boots)
Will    .....        L - amulet of regeneration
Stlth   ++           o - +6 ring of strength
HPRegen 1.14/turn    v - +6 ring of dexterity
MPRegen 0.15/turn

%: no passive effects
@: lethally poisoned (-2 -> -3), about to teleport
A: reduced essence
a: Renounce Religion, Recall Ancestor, Ancestor Identity


You were on level 11 of the Dungeon.
You worshipped Hepliaklqana.
Hepliaklqana was aware of your devotion.
You visited 2 branches of the dungeon, and saw 12 of its levels.
You also visited: Ossuary.

You collected 807 gold pieces.
You spent 238 gold pieces at shops.

Inventory:

Hand Weapons
 a - a +4 heavy long sword (weapon)
 b - a +0 sling
 c - a +3 mace of venom
 e - a +0 war axe
 q - a +5 short sword of protection
 B - the +4 dagger "Sogi" {flame, rPois SInv}
   (You found it on level 4 of the Dungeon)

   rPois:     It protects you from poison.
   SInv:      It lets you see invisible.
 C - a +2 long sword of holy wrath
 F - a +2 whip of holy wrath
 J - a +4 mace
 O - a +2 short sword of speed
 T - a +6 scimitar of freezing
Missiles
 i - 107 stones
 t - 2 silver boomerangs
 K - 12 boomerangs (quivered)
 N - 37 poisoned darts
 X - 4 curare-tipped darts
Armour
 g - a +0 chain mail
 j - a +2 pair of gloves (worn)
 r - the scarf "Nulonirr" (worn) {rC+ rF+, rPois Str+3 Dex+3 SInv}
   (You acquired it on level 2 of the Dungeon)

   Str:       It affects your strength (+3).
   Dex:       It affects your dexterity (+3).
   rPois:     It protects you from poison.
   SInv:      It lets you see invisible.
 y - a +0 buckler (worn)
 z - a +1 scale mail of fire resistance
 M - an orb of light
 S - +0 acid dragon scales (worn)
Magical Staves
 m - a staff of earth
Jewellery
 o - a +6 ring of strength (left hand)
 s - a ring of wizardry
 u - a ring of flight
 v - a +6 ring of dexterity (right hand)
 H - a +6 ring of strength
 L - an amulet of regeneration (around neck)
Wands
 h - a wand of flame (10)
 l - a wand of mindburst (21)
 n - a wand of charming (6)
 w - a wand of digging (1)
 A - a wand of iceblast (12)
Scrolls
 k - a scroll of fear
 x - a scroll of fog
 D - a scroll of teleportation
 E - 4 scrolls of revelation
 I - 3 scrolls of identify
 Q - 2 scrolls of blinking
Potions
 d - 3 potions of might
 f - 2 potions of heal wounds
 p - 3 potions of lignification
 G - 5 potions of curing
 P - 2 potions of ambrosia
 R - 2 potions of enlightenment
 U - a potion of attraction
 V - a potion of haste
 W - a potion of brilliance {unknown}


   Skills:
 + Level 7.9 Fighting
 + Level 9.0 Long Blades
 + Level 4.4(5.8) Axes
 + Level 4.7(5.3) Maces & Flails
 + Level 5.5 Ranged Weapons
 + Level 4.7 Throwing
 + Level 8.4 Armour
 + Level 4.0 Dodging
 + Level 2.5 Stealth
 + Level 6.5 Shields
 * Level 7.1 Invocations
 + Level 0.4 Evocations


You had 10 spell levels left.
You didn't know any spells.
Your spell library contained the following spells:

 Spells                   Type           Power      Damage    Failure   Level
 Apportation              Tloc           0%         N/A       45%         1
 Kiss of Death            Conj/Necr      0%         2d5       45%         1
 Necrotise                Necr           0%         1d4       45%         1
 Summon Small Mammal      Summ           0%         N/A       45%         1
 Ensorcelled Hibernation  Hex/Ice        0%         N/A       58%         2
 Passwall                 Tmut/Erth      0%         N/A       58%         2
 Call Canine Familiar     Summ           0%         N/A       83%         3
 Confusing Touch          Hex            0%         N/A       83%         3
 Hailstorm                Conj/Ice       0%         3d3       83%         3
 Ozocubu's Armour         Ice            0%         N/A       83%         3
 Summon Guardian Golem    Hex/Summ       0%         N/A       83%         3
 Swiftness                Air            0%         N/A       83%         3
 Volatile Blastmotes      Fire/Tloc      0%         2d10      83%         3
 Dispel Undead            Necr           0%         3d6       99%         4
 Fulminant Prism          Conj/Hex       0%         3d5       99%         4
 Ice Form                 Ice/Tmut       0%         N/A       99%         4
 Iskenderun's Mystic Bla  Conj/Tloc      0%         2d3       99%         4
 Lee's Rapid Deconstruct  Erth           0%         3d4*      100%        5
 Simulacrum               Ice/Necr       0%         N/A       100%        6
 Ozocubu's Refrigeration  Ice            0%         4d7       100%        7


Dungeon Overview and Level Annotations

Branches:
Dungeon (11/15)            Temple (1/1) D:7         Ossuary (visited)
   Lair: D:8-11         Orc: D:9-12

Altars:
Cheibriados
Dithmenos
Elyvilon
Fedhas
Gozag
Hepliaklqana
Kikubaaqudgha
Makhleb
Nemelex Xobeh
Okawaru
Qazlal
Sif Muna
Trog
Uskayaw
Vehumet
Wu Jian
Zin

Shops:
D:6 *=(   D:8 *

Annotations:
D:7 3 runed translucent doors, DivineBovine's ghost, novice DEEE
D:11 Harold


Message History

The yak attacks as you move away! The yak barely misses you.
The yak attacks as you move away! The yak misses you.
The yak attacks as you move away! The yak gores you.
The yak attacks as you move away! The yak closely misses you.
A kobold comes into view. It is wielding a +0 short sword.
The kobold shouts!
You hear a shout! x2
The yak attacks as you move away! The yak gores you.
The yak attacks as you move away! The yak gores you!
A kobold comes into view. It is wielding a +0 short sword.
The kobold shouts!
The yak attacks as you move away! The yak closely misses you.
A kobold brigand and 2 kobolds come into view.
The kobold brigand is wielding a +0 dagger and quivering poisoned darts.
The kobold brigand shouts!
The kobold throws a stone.
The stone hits you but does no damage.
The kobold brigand drinks a potion.
The kobold brigand seems to speed up.
A kobold comes into view. It is wielding a +0 dagger.
There is a stone staircase leading down here.
The kobold brigand throws a poisoned dart.
The poisoned dart hits you.
You are poisoned.
The centaur shoots an arrow.
You block the arrow. The yak gores you!
* * * LOW HITPOINT WARNING * * *
The kobold throws a stone.
The stone misses you.
You climb downwards.
You feel sick.
Harold shouts!
The two-headed ogre shouts in stereo!
The purple ugly thing gurgles horribly!
Found a longbow.
Found an escape hatch in the ceiling.
There is a stone staircase leading up here.
As you read the scroll of fear, it crumbles to dust.
You assume a fearsome visage.
Harold easily resists.
The purple ugly thing resists with some effort.
The two-headed ogre looks frightened!
The yak looks frightened!
You feel sick. The purple ugly thing pecks you.
* * * LOW HITPOINT WARNING * * *
As you read the scroll of teleportation, it crumbles to dust.
You feel strangely unstable.
You feel sick.
An unseen horror comes into view.
A howler monkey comes into view.
The purple ugly thing pecks you!
You die...

#..h.....#
##.<......#
.........#
#O.......#
#.....@.)#
#........#
#........#
#..@.....#
#Yu......#
#........#
##x#######
#. ##


You could see Harold, a purple ugly thing, a two-headed ogre (fleeing), a yak
(fleeing), an unseen horror (wandering, invisible) and a howler monkey
(wandering).

Vanquished Creatures
  Josephine (D:10)
  2 two-headed ogres (D:8)
  Pikel (D:8)
  2 kobold demonologists
  A troll (D:10)
  A vampire (D:9)
  4 wyverns
  17 yaks
  4 wraiths (D:10)
  2 acid dragons (D:9)
  2 water moccasins
  4 orc warriors
  3 black bears
  An ice beast (D:6)
  2 ogres
  4 lemures (D:8)
  4 centaurs
  2 phantoms
  5 kobold brigands
  A gnoll sergeant (D:5)
  2 bullfrogs
  5 scorpions
  7 wights
  10 killer bees
  A howler monkey (D:9)
  2 hounds
  3 jellies (D:5)
  6 orc priests
  8 iguanas
  4 sleepcaps
  Terence (D:2)
  2 orc wizards
  8 mummies (Ossuary)
  5 gnolls (D:6)
  12 adders
  A shadow imp (D:7)
  3 white imps
  5 ufetubi
  A worm (D:3)
  3 dart slugs
  24 orcs
  15 bats
  7 endoplasms
  2 giant cockroaches
  A gnoll zombie (Ossuary)
  7 hobgoblins
  3 jackals (D:4)
  8 quokkas
  10 ball pythons
  4 frilled lizards
  7 goblins
  3 hobgoblin zombies (Ossuary)
  22 kobolds
  2 kobold zombies (Ossuary)
  2 orc zombies (Ossuary)
  5 rats
274 creatures vanquished.

Vanquished Creatures (collateral kills)
  A yak (D:9)
  A centaur (D:9)
  A kobold brigand (D:9)
  A howler monkey (D:9)
  An orc wizard (D:9)
  9 kobolds
14 creatures vanquished.

Vanquished Creatures (others)
  6 ancestors
6 creatures vanquished.

Grand Total: 294 creatures vanquished

Notes
Turn   | Place    | Note
-------+----------+-------------------------------------------
     0 | D:1      | promet the Hill Orc Fighter began the quest for the Orb.
     0 | D:1      | Reached XP level 1. HP: 19/19 MP: 1/1
   156 | D:1      | Reached XP level 2. HP: 27/27 MP: 2/2
   563 | D:1      | Reached XP level 3. HP: 33/33 MP: 3/3
  1084 | D:2      | Reached skill level 1 in Maces & Flails
  1207 | D:2      | Reached XP level 4. HP: 40/40 MP: 4/4
  1222 | D:2      | Found an ornate altar of the Wu Jian Council.
  1222 | D:2      | Noticed Terence
  1238 | D:2      | Killed Terence
  1352 | D:2      | Identified a scroll of acquirement
  1352 | D:2      | Acquired the scarf "Nulonirr" {rC+ rF+, rPois Str+3 Dex+3
                  | SInv}
  1625 | D:2      | Reached skill level 1 in Dodging
  1754 | D:3      | Reached XP level 5. HP: 46/46 MP: 5/5
  2332 | D:3      | Reached skill level 1 in Long Blades
  2476 | D:3      | Reached XP level 6. HP: 53/53 MP: 6/6
  2987 | D:4      | Found a sparkling altar of Nemelex Xobeh.
  3001 | D:4      | Found a glowing silver altar of Zin.
  3001 | D:4      | Noticed an angel
  3017 | D:4      | Found a bloodstained altar of Trog.
  3033 | D:4      | Identified the +4 dagger "Sogi" {flame, rPois SInv}
  3089 | D:4      | Reached XP level 7. HP: 49/60 MP: 7/7
  3845 | D:5      | Entered Level 5 of the Dungeon
  4365 | D:5      | Reached skill level 5 in Fighting
  4365 | D:5      | Reached skill level 2 in Long Blades
  4365 | D:5      | Reached skill level 1 in Throwing
  4493 | D:5      | Reached XP level 8. HP: 46/68 MP: 8/8
  5050 | D:6      | Found Kunusiri's Antique Weapon Boutique.
  5062 | D:6      | Reached skill level 3 in Long Blades
  5087 | D:6      | Reached skill level 5 in Armour
  5475 | D:6      | Reached skill level 1 in Ranged Weapons
  6180 | D:6      | Reached skill level 4 in Long Blades
  6973 | D:6      | Reached XP level 9. HP: 72/75 MP: 9/9
  7009 | D:6      | Reached skill level 5 in Shields
  7089 | D:6      | Found Emurryew's General Store.
  7214 | D:6      | Bought 6 boomerangs for 168 gold pieces
  7254 | D:6      | Found Xycolafu's Jewellery Shop.
  7946 | D:7      | Reached skill level 5 in Long Blades
  8084 | D:7      | Reached skill level 1 in Stealth
  8154 | D:7      | Found a runed translucent gate.
  8155 | D:7      | Found a runed translucent gate.
  8155 | D:7      | Found a runed translucent gate.
  8156 | D:7      | Noticed DivineBovine's ghost (novice DEEE)
  8417 | D:7      | Found a staircase to the Ecumenical Temple.
  8423 | Temple   | Entered the Ecumenical Temple
  8450 | Temple   | Became a worshipper of Hepliaklqana the Forgotten
  8787 | D:7      | Found a stormy altar of Qazlal.
  8826 | D:7      | Found a snail-covered altar of Cheibriados.
  8895 | D:7      | Reached skill level 6 in Long Blades
  9076 | D:8      | Found a sand-covered staircase.
  9081 | Ossuary  | Entered an ossuary
  9459 | Ossuary  | Reached skill level 1 in Invocations
  9778 | D:8      | Found Zaos's CLEARANCE SALE!.
  9792 | D:8      | Bought a wand of mindburst (10) for 70 gold pieces
  9810 | D:8      | Noticed a two-headed ogre
 10091 | D:8      | Noticed Pikel
 10097 | D:8      | Killed Pikel
 10129 | D:8      | Reached XP level 10. HP: 84/84 MP: 12/12
 10607 | D:8      | Reached skill level 7 in Long Blades
 11118 | D:8      | Noticed a two-headed ogre
 11159 | D:8      | Killed a two-headed ogre
 11556 | D:8      | Killed a two-headed ogre
 11681 | D:9      | Noticed a kobold demonologist
 11687 | D:9      | Killed a kobold demonologist
 11688 | D:9      | Reached skill level 5 in Invocations
 11699 | D:8      | Reached skill level 8 in Long Blades
 12179 | D:9      | Reached XP level 11. HP: 92/92 MP: 15/15
 12595 | D:9      | Reached * piety under Hepliaklqana
 13217 | D:9      | Noticed a soul eater
 13279 | D:9      | Noticed a soul eater
 14273 | D:9      | Reached skill level 5 in Ranged Weapons
 14464 | D:10     | Entered Level 10 of the Dungeon
 14901 | D:10     | Found a shimmering blue altar of Sif Muna.
 14959 | D:10     | Noticed Josephine
 14970 | D:10     | Killed Josephine
 15206 | D:10     | Reached skill level 9 in Long Blades
 15234 | D:11     | Noticed Harold
 15234 | D:11     | Noticed a purple ugly thing
 15234 | D:11     | Noticed a two-headed ogre
 15236 | D:11     | Slain by a purple ugly thing

Illustrated notes

Levels and vault maps discovered:
D:1:      dpeg_arrival_water_temple_mockup, layout_basic, minmay_tromino_v4_c
D:2:      layout_basic, basic_altar, uniq_terence
D:3:      minmay_octagon_keep, layout_basic, minmay_misc_feat_plants
D:4:      layout_loops_ring, zin_angel, mainiacjoe_overflow_large_starburst,
          serial_bayou, serial_bayou_shore_a, serial_bayou_shore_b,
          serial_bayou_pond_a, serial_bayou_pond_b, serial_bayou_pond_e
D:5:      layout_loops_ring
D:6:      layout_gridville, serial_shops, shop, shop, shop,
          chequers_serial_rivers_micro_d
D:7:      layout_basic, mainiacjoe_overflow_two_lobes,
          minmay_temple_entry_nine_rooms, ebering_ghost_rock_garden,
          hangedman_minor_gate_pass
D:8:      layout_rooms, enter_ossuary_5, enter_bailey_5,
          hangedman_decor_growths, nicolae_shop_clearance, uniq_pikel
D:9:      minmay_bubble_buster, layout_long_grid
D:10:     layout_loops_cross, mainiacjoe_overflow_catch_the_wave,
          uniq_josephine, uniq_sonja
D:11:     layout_roguey, lair_entry_dummy, david_orc_5, uniq_snorg, uniq_harold,
          uniq_gastronok
Temple:   hellmonk_temple_of_storms

Skill      XL: |  1  2  3  4  5  6  7  8  9 10 11 |
---------------+----------------------------------+-----
Fighting       | 4 5 6 7 |  7.9
Maces & Flails | 1 2 3 4 |  4.7
Shields        | 4 5 6 |  6.5
Dodging        | 1 2 3 4 |  4.0
Armour         | 4 6 7 8 |  8.4
Long Blades    | 1 2 4 6 8 9 |  9.0
Axes           | 3 4 |  4.4
Throwing       | 1 2 3 4 |  4.7
Ranged Weapons | 1 2 3 5 |  5.5
Stealth        | 1 2 |  2.5
Invocations    | 3 5 7 |  7.1
Evocations     | |  0.4

Action                     |  1- 3 |  4- 6 |  7- 9 | 10-12 || total
---------------------------+-------+-------+-------+-------++-------
  Melee: Mace              |    62 |    90 |    58 |       ||   210
         Long sword        |       |    34 |   215 |   200 ||   449
         War axe           |       |    33 |       |       ||    33
         Whip              |       |       |       |    10 ||    10
   Fire: Sling             |     7 |       |    71 |   134 ||   212
  Throw: Stone             |       |     2 |       |       ||     2
         Boomerang         |       |     4 |    61 |    14 ||    79
         Dart              |       |     2 |       |    10 ||    12
         Throwing net      |       |       |       |     2 ||     2
 Invoke: Recall Ancestor   |       |       |       |     1 ||     1
  Evoke: Wand              |       |     2 |       |     2 ||     4
    Use: Scroll            |     5 |     4 |    12 |     7 ||    28
         Potion            |       |     2 |       |     2 ||     4
   Stab: Held in net/web   |       |       |       |     2 ||     2
         Distracted        |       |       |       |     2 ||     2
 Armour: Chain mail        |    60 |    55 |       |       ||   115
         Scale mail        |     2 |    27 |   158 |    82 ||   269
         Acid dragon scale |       |       |       |    31 ||    31
  Dodge: Dodged            |    36 |    79 |   181 |   192 ||   488
  Block: Buckler           |    21 |    40 |    87 |   118 ||   266

Table legend: (Time is in decaauts)
 A = Elapsed time spent in this place.
 B = Non-inter-level travel time spent in this place.
 C = Inter-level travel time spent in this place.
 D = Time resting spent in this place.
 E = Time spent auto-exploring this place.
 F = Levels seen in this place.
 G = Mean time per level.
                   A        B        C        D        E       F      G
               +--------+--------+--------+--------+--------+-----+--------+
         Total |  15701 |  14939 |    762 |   5118 |   3209 |  13 | 1207.8 |
       Dungeon |  14972 |  14225 |    747 |   4918 |   3209 |  11 | 1361.1 |
        Temple |     42 |     27 |     15 |      0 |      0 |   1 |   42.0 |
       Ossuary |    686 |    686 |      0 |    200 |      0 |   1 |  686.0 |
               +--------+--------+--------+--------+--------+-----+--------+

Top non-repeatable levels by time:
     D:8: 2729 daAuts
     D:5: 2196 daAuts
     D:9: 2085 daAuts
     D:6: 1931 daAuts
     D:7: 1255 daAuts
     D:4: 1159 daAuts
     D:3: 1025 daAuts
     D:1: 927 daAuts
     D:2: 842 daAuts
    D:10: 817 daAuts
 Ossuary: 686 daAuts
  Temple: 42 daAuts
    D:11: 1 daAuts
